 Dungeon Crawl Stone Soup version 0.26-a0-639-g72c4674329 (webtiles) character file.

Game seed: 12731472090118425623

384 Flugslaktarn the Skirmisher (level 7, 0/56 HPs)
             Began as a Formicid Fighter on Sept 21, 2020.
             Slain by a white imp (2 damage)
             ... on level 5 of the Dungeon.
             The game lasted 00:01:10 (2459 turns).

Flugslaktarn the Skirmisher (Formicid Fighter)      Turns: 2459, Time: 00:01:10

Health: 0/56       AC: 10    Str: 22    XL:     7   Next: 6%
Magic:  7/7        EV:  6    Int:  8    God:
Gold:   170        SH: 10    Dex: 10    Spells: 6/6 levels left

rFire    . . .     SeeInvis +   a - +1 war axe
rCold    . . .     Faith    .   c - +0 kite shield
rNeg     . . .     Spirit   .   l - +0 chain mail
rPois    .         Reflect  .   (helmet unavailable)
rElec    .         Harm     .   q - +0 cloak
rCorr    .         Rampage  .   (no gloves)
MR       .....                  (no boots)
Stlth    ..........             (no amulet)
HPRegen  0.18/turn              o - ring of flight
MPRegen  0.10/turn              (no ring)

@: no status effects
A: permanent stasis, dig shafts and tunnels, four strong arms, antennae 3
a: Dig, Shaft Self, Evoke Flight


You were on level 5 of the Dungeon.
You visited 1 branch of the dungeon, and saw 5 of its levels.

You collected 170 gold pieces.

Inventory:

Hand Weapons
 a - a +1 war axe (weapon)
Armour
 c - a +0 kite shield (worn)
 l - a +0 chain mail (worn)
   (You found it on level 3 of the Dungeon)
 q - a +0 cloak (worn)
   (You found it on level 4 of the Dungeon)
Jewellery
 o - a ring of flight (left hand)
   (You found it on level 4 of the Dungeon)
Scrolls
 b - 2 scrolls of amnesia {unknown}
 i - 3 scrolls of magic mapping
Potions
 d - 3 potions of might
 f - 2 potions of brilliance
 h - a potion of berserk rage {unknown}
 j - 2 potions of flight
 m - a potion of curing {unknown}
 w - 2 potions of heal wounds


   Skills:
 * Level 5.3 Fighting
 * Level 4.3 Axes
 + Level 4.3 Armour
 + Level 4.9 Shields


You had 6 spell levels left.
You didn't know any spells.
Your spell library was empty.

Dungeon Overview and Level Annotations

Branches:
Dungeon (5/15)
 Temple: D:4-7

Altars:
Wu Jian


Innate Abilities, Weirdness & Mutations

You cannot be hasted, slowed, berserked, paralysed or teleported.
You can dig through walls and to a lower floor.
Your four strong arms can wield two-handed weapons with a shield.
You have a pair of large antennae on your head. (SInv)


Message History

The white imp gestures at you. You block the puff of frost.
You are too injured to fight recklessly!
The white imp shouts, "Away with thee, thou weedy beef-witted harpy!"
The white imp gestures at you. The puff of frost hits you!
* * * LOW HITPOINT WARNING * * *
You are too injured to fight recklessly!
The white imp hits you.
* * * LOW HITPOINT WARNING * * *
The white imp freezes you.
* * * LOW HITPOINT WARNING * * *
You see here a ring mail.
You closely miss the white imp.
The white imp is almost dead.
The white imp grinds its teeth.
The white imp hits you.
* * * LOW HITPOINT WARNING * * *
The white imp freezes you.
You die...

{ ###########
#.......).#
###.........###########
............+....<....#
#.....5.>.#####..##.#
#.....@...######.##
#......(..........#
#.................#
#...................#
.....................#
..#####....#.......#.#
. #....#.......#.# {
#....#########.. ######
..


You could see a white imp.

Vanquished Creatures
  A sky beast (D:5)
  An ogre (D:4)
  A howler monkey (D:4)
  A hound (D:4)
  A bullfrog skeleton (D:5)
  A worker ant (D:5)
  3 adders
  A white imp (D:5)
  5 worms
  3 leopard geckos
  An orc (D:4)
  2 giant cockroaches (D:3)
  8 goblins
  8 hobgoblins
  3 jackals (D:1)
  2 kobolds (D:3)
  A quokka (D:2)
  2 bats (D:3)
  A frilled lizard (D:1)
  5 rats
51 creatures vanquished.

Notes
Turn   | Place    | Note
-------+----------+-------------------------------------------
     0 | D:1      | Flugslaktarn the Formicid Fighter began the quest for the
                  | Orb.
     0 | D:1      | Reached XP level 1. HP: 18/18 MP: 1/1
   102 | D:1      | Reached XP level 2. HP: 24/24 MP: 2/2
   430 | D:2      | Reached XP level 3. HP: 13/30 MP: 3/3
   834 | D:3      | Reached skill level 4 in Fighting
   834 | D:3      | Reached XP level 4. HP: 37/37 MP: 4/4
  1418 | D:4      | Reached XP level 5. HP: 43/43 MP: 5/5
  1677 | D:4      | Found an ornate altar of the Wu Jian Council.
  1890 | D:4      | Noticed an ogre
  1896 | D:4      | Killed an ogre
  1896 | D:4      | Reached XP level 6. HP: 29/50 MP: 6/6
  2368 | D:5      | Entered Level 5 of the Dungeon
  2381 | D:5      | Reached skill level 5 in Fighting
  2395 | D:5      | Noticed a sky beast
  2411 | D:5      | Killed a sky beast
  2453 | D:5      | Reached XP level 7. HP: 30/56 MP: 7/7
  2459 | D:5      | HP: 2/56 [white imp (1)]
  2459 | D:5      | Slain by a white imp

Illustrated notes

Levels and vault maps discovered:
D:1:      lightli_arrival_boilingwater, layout_basic, serial_aquarium,
          aquarium_bridge_square [aquarium_subvault_bridge,
          aquarium_subvault_window, aquarium_subvault_window,
          aquarium_subvault_bridge], aquarium_window_double, aquarium_window_2,
          aquarium_view_2b, grunt_decor_fettered, nrook_mini_vaults
D:2:      layout_basic, bloody_makhleb, uniq_natasha
D:3:      layout_rooms, amethyst_overflow_temple_binary,
          chequers_ecumenical_altar_lobes
D:4:      layout_basic, marbit_many_paths
D:5:      layout_basic, minmay_temple_entry_mini_moons, grunt_dithmenos_smoke

Skill      XL: |  1  2  3  4  5  6 |
---------------+-------------------+-----
Shields        | 4 |  4.9
Fighting       | 4 5 |  5.3
Axes           | 3 4 |  4.3
Armour         | 4 |  4.3

Action                   |  1- 3 |  4- 6 |  7- 9 || total
-------------------------+-------+-------+-------++-------
Melee: War axe           |   101 |   102 |     4 ||   207
  Use: Scroll            |       |     8 |       ||     8
Armor: Scale mail        |    38 |    20 |       ||    58
       Chain mail        |       |    31 |     2 ||    33
Dodge: Dodged            |    36 |    33 |     2 ||    71
Block: Kite shield       |    54 |    53 |     4 ||   111

Table legend: (Time is in decaauts)
 A = Elapsed time spent in this place.
 B = Non-inter-level travel time spent in this place.
 C = Inter-level travel time spent in this place.
 D = Time resting spent in this place.
 E = Time spent auto-exploring this place.
 F = Levels seen in this place.
 G = Mean time per level.
                   A        B        C        D        E       F      G
               +--------+--------+--------+--------+--------+-----+--------+
         Total |   2545 |   2473 |     72 |    301 |   1686 |   5 |  509.0 |
       Dungeon |   2545 |   2473 |     72 |    301 |   1686 |   5 |  509.0 |
               +--------+--------+--------+--------+--------+-----+--------+

Top non-repeatable levels by time:
     D:4: 1034 daAuts
     D:3: 871 daAuts
     D:1: 314 daAuts
     D:2: 223 daAuts
     D:5: 101 daAuts
